 Dungeon Crawl Stone Soup version 0.29.1-15-g9cfb28693d (webtiles) character file.

Game seed: 9560398181716959092

188 cdecastro the Chopper (level 5, -2/45 HPs)
             Began as a Minotaur Fighter on Mar 5, 2023.
             Killed by nerve-wracking pain
             ... invoked by an orc priest
              (3 damage)
             ... on level 3 of the Dungeon on Mar 6, 2023.
             The game lasted 00:04:19 (3175 turns).

cdecastro the Chopper (Minotaur Fighter)            Turns: 3175, Time: 00:04:20

Health: -2/45      AC: 11    Str: 22    XL:     5   Next: 39%
Magic:  4/4        EV:  6    Int:  5    God:
Gold:   99         SH:  0    Dex: 10    Spells: 4/4 levels left

rFire   . . .      SeeInvis .   a - +0 war axe
rCold   . . .      Faith    .   (no shield)
rNeg    . . .      Spirit   .   i - +0 plate armour
rPois   .          Reflect  .   (helmet restricted)
rElec   .          Harm     .   (no cloak)
rCorr   .          Rampage  .   (no gloves)
Will    .....                   (no boots)
Stlth   ..........              (no amulet)
HPRegen 0.15/turn               (no ring)
MPRegen 0.09/turn               (no ring)

@: no status effects
A: horns 2, retaliatory headbutt
a: no special abilities


You were on level 3 of the Dungeon.
You visited 1 branch of the dungeon, and saw 4 of its levels.

You collected 99 gold pieces.

Inventory:

Hand Weapons
 a - a +0 war axe (weapon)
 p - a +1 mace of protection
Missiles
 h - 6 javelins (quivered)
 j - 6 datura-tipped darts
Armour
 b - a +0 scale mail
 c - a +0 buckler
 i - a +0 plate armour (worn)
Jewellery
 s - a ring of positive energy
Scrolls
 f - 4 scrolls of identify {unknown}
 g - 2 scrolls of poison {unknown}
 l - 2 scrolls of blinking {unknown}
 m - a scroll of summoning {unknown}
 o - a scroll of torment {unknown}
 q - 2 scrolls of noise {unknown}
 t - 2 scrolls of amnesia {unknown}
 x - a scroll of vulnerability {unknown}
 y - a scroll of enchant armour {unknown}
Potions
 d - a potion of might
 e - a potion of ambrosia {unknown}
 k - a potion of berserk rage {unknown}
 n - a potion of invisibility {unknown}
 r - 2 potions of curing
 u - a potion of resistance {unknown}
 v - a potion of heal wounds {unknown}
 w - a potion of lignification {unknown}
 z - a potion of haste {unknown}
 A - a potion of degeneration {unknown}


   Skills:
 - Level 3.6 Fighting
 + Level 6.9 Axes
 - Level 3.6 Armour
 - Level 3.6 Shields


You had 4 spell levels left.
You didn't know any spells.
Your spell library contained the following spells:

 Spells                   Type           Power      Damage    Failure   Level
 Beastly Appendage        Tmut           0%         N/A       100%        1


Dungeon Overview and Level Annotations

Branches:
Dungeon (4/15)
 Temple: D:4-7

Altars:

Shops:
D:1 (

Annotations:
D:2 1 runed translucent door, Crazy Yiuf


Innate Abilities, Weirdness & Mutations

You have a pair of horns on your head.
You reflexively headbutt those who attack you in melee.


Message History

The orc priest invokes the aid of Beogh against you.
Beogh smites you!
* * * LOW HITPOINT WARNING * * *
The orc hits you but does no damage.
Unknown command.
You closely miss the orc priest.
You headbutt the orc priest, but do no damage.
You hit the orc.
The orc priest hits you but does no damage.
The orc hits you with a +0 falchion.
* * * LOW HITPOINT WARNING * * *
Unknown command.
You hit the orc priest.
You headbutt the orc priest, but do no damage.
The orc priest is lightly wounded.
You hit the orc.
You kill the orc!
The orc priest hits you with a +0 short sword.
* * * LOW HITPOINT WARNING * * *
You closely miss the orc priest.
You headbutt the orc priest, but do no damage.
The orc priest is lightly wounded.
The orc priest hits you but does no damage.
Unknown command.
You hit the orc priest but do no damage.
The orc priest is lightly wounded.
The orc priest hits you but does no damage. x2
Unknown command.
You hit the orc priest but do no damage.
You headbutt the orc priest, but do no damage.
The orc priest is lightly wounded.
The orc priest invokes the aid of Beogh against you.
Pain shoots through your body!
* * * LOW HITPOINT WARNING * * *
Unknown command.
You slash the orc priest!
The orc priest is severely wounded.
The orc priest invokes the aid of Beogh against you.
Pain shoots through your body!
You die...

######### #.......#
##### #.#####.####
#...#####.##.....<.#
#.#.o........##.....
#..@#####.#####.##.#
##)## #.#####.#...
####.######.......##.#
#......##.......#.##.#
#....#.##.......#.....
#..###.##.......####.#
#...##.##.......# #.#
#.#.##.##.......# ##.#
#......##.......# #...


You could see an orc priest.

Vanquished Creatures
  An iguana (D:3)
  Natasha (twice) (D:3)
  4 gnolls
  2 adders
  2 dart slugs
  An orc (D:3)
  8 bats
  An endoplasm (D:2)
  2 giant cockroaches
  4 goblins
  8 hobgoblins
  2 kobolds
  2 quokkas (D:1)
  9 ball pythons
  2 frilled lizards
  5 rats
55 creatures vanquished.

Vanquished Creatures (others)
  A plant (D:3)
1 creature vanquished.

Grand Total: 56 creatures vanquished

Notes
Turn   | Place    | Note
-------+----------+-------------------------------------------
     0 | D:1      | cdecastro the Minotaur Fighter began the quest for the Orb.
     0 | D:1      | Reached XP level 1. HP: 19/19 MP: 0/0
   183 | D:1      | Reached skill level 3 in Axes
   265 | D:1      | Reached XP level 2. HP: 22/26 MP: 1/1
   421 | D:1      | Reached skill level 4 in Axes
   562 | D:1      | Found Doneuvat's Weapon Shoppe.
   850 | D:1      | Reached XP level 3. HP: 30/31 MP: 2/2
  1498 | D:2      | Reached skill level 5 in Axes
  1584 | D:2      | Reached XP level 4. HP: 37/39 MP: 3/3
  1974 | D:2      | Found a runed translucent door.
  1975 | D:2      | Noticed Crazy Yiuf
  2380 | D:3      | Reached skill level 6 in Axes
  2668 | D:3      | Noticed Natasha
  2678 | D:3      | Killed Natasha
  2679 | D:3      | Reached XP level 5. HP: 44/45 MP: 4/4
  2775 | D:3      | Found a faded altar of an unknown god.
  2790 | D:3      | Got Plato's Almanac of Variation
  3041 | D:3      | Noticed Natasha
  3049 | D:3      | Killed Natasha
  3174 | D:3      | HP: 1/45 [orc priest/nerve-wracking pain (5)]
  3175 | D:3      | Killed from afar by an orc priest

Illustrated notes

Levels and vault maps discovered:
D:1:      scummos_arrival_checkerplants, layout_basic, serial_shops,
          nicolae_shop_bloodbath_and_beyond, amcnicky_mini_pool_small
D:2:      layout_basic, dk_vineyard_3, uniq_crazy_yiuf_cottage
D:3:      layout_loops_cross, shapermc_ecumenical_altar_rom_forum, uniq_natasha
D:4:      layout_cave_pools, mainiacjoe_overflow_catwalk

Skill      XL: |  1  2  3  4 |
---------------+-------------+-----
Axes           | 3 4 5 6 |  6.9
Fighting       | |  3.6
Armour         | |  3.6
Shields        | |  3.6

Action                   |  1- 3 |  4- 6 || total
-------------------------+-------+-------++-------
Melee: War axe           |    90 |    53 ||   143
       Headbutt          |     6 |    10 ||    16
Armor: Plate armour      |    63 |    34 ||    97
Dodge: Dodged            |    32 |    10 ||    42
